Build Order

Get SALT Encoding   

  14  0:17  Supply Depot  
  14  0:26  Refinery  
  16  0:46  Barracks  
  19  1:17  Supply Depot  
  19  1:34  Orbital Command  
  19  1:40  Factory  
  22  1:57  Refinery  
  24  2:00  Starport  
  24  2:05  Factory Tech Lab  
  29  2:10  Command Center  
  29  2:20  Supply Depot  
  29  2:30  Starport Tech Lab  Switch with FAC
  29  3:03  Banshee  
  32  3:07  Cloaking Field  
  34  3:25  Factory Tech Lab  Or Reactor
  36  3:45  Raven  When Reactor than later
Spawning Tool Build Advisor. Get it on Overwolf

Go to:

Details

  • Created by: Toxical
  • Published on: Feb 24, 2016
  • Modified on: Feb 24, 2016
  • Patch: Pre-3.8.0
Show
View Real Time Build Order
Export as new Build Order

Comments (2)

On April 7, 2016, 2:30 p.m., wredski  said:

Should I get a few marines while waiting for banshee tech? Seems obvious, but just making sure.

On March 19, 2016, 5:50 a.m., Zerthek  said:

Verry good build if it's not seen ;)

Create an account to comment!